 Dungeon Sprint DCSS version 0.21-a0-434-g806c6c2 (webtiles) character file.

466493 theanonym the Conqueror (level 19, 135/135 HPs)
             Began as a Gargoyle Fighter on Nov 9, 2017.
             Was the Champion of Makhleb.
             Escaped with the Orb!
             The game lasted 00:28:16 (1438 turns).

theanonym the Conqueror (Gargoyle Fighter)          Turns: 1438, Time: 00:28:17

Health: 135/135    AC: 49    Str: 30    XL:     19   Next: 33%
Magic:  12/19      EV: 20    Int: 10    God:    Makhleb [******]
Gold:   0          SH: 37    Dex: 13    Spells: 18/18 levels left

rFire    + + .     SeeInvis +   Q - +14 obsidian axe {chop, +Fly SInv *Curse}
rCold    + + .     Gourm    .   O - +18 shield of the Gong {rElec rN+ MR+ EV-5}
rNeg     + + +     Faith    .   h - +5 gold dragon scales
rPois    ∞         Spirit   .   c - +2 helmet {Int+3}
rElec    +         Reflect  .   d - +2 cloak {MR+}
rCorr    +         Harm     .   G - +0 pair of gloves {Dex+3}
MR       +++..     NoTele   +   (no boots)
Stlth    ..........             V - macabre finger necklace {rN+}
HPRegen  0.32/turn              g - ring of the Octopus King {rF+ AC+1 EV+1 Str+1 Int+1 Dex+1}
MPRegen  0.16/turn              X - ring of resist corrosion
                                v - ring of Diat {rPois rC+ EV+4}

@: no status effects
A: big wings, deformed body, dopey 1, frail 1, negative energy resistance 1,
electricity resistance, unbreathing, petrification resistance, rot immunity,
subdued magic 1, AC +14
0: Orb of Zot
a: Fly, Minor Destruction, Lesser Servant of Makhleb, Major Destruction, Greater
Servant of Makhleb, Renounce Religion, Evoke Flight


Innate Abilities, Weirdness & Mutations

You are resistant to torment.
Your stone body is resilient. (AC +14)
You are immune to poison.
Your large and strong wings let you fly indefinitely.
You resist negative energy. (rN+)
You are resistant to electric shocks. (rElec)
You can survive without breathing.
You are immune to petrification.
You are immune to rotting.
Armour fits poorly on your strangely shaped body.
You are dopey. (Int -2)
You are frail. (-10% HP)
Your spells are a little easier to cast, but a little less powerful.


   Skills:
 O Level 27 Fighting
 O Level 27 Axes
 + Level 23.6 Armour
 O Level 27 Dodging
 + Level 26.2 Shields


You had 18 spell levels left.
You didn't know any spells.

Skill      XL: |  1  2  3  4  5  6  7  8  9 10 11 12 13 14 15 16 17 18 19 |
---------------+----------------------------------------------------------+-----
Axes           | 7 11 13 14 16 18 20 27 | 27.0
Fighting       | 8 10 12 13 15 17 19 22 25 27 | 27.0
Dodging        | 2 8 11 14 17 22 26 27 | 27.0
Armour         | 4 5 7 21 23 | 23.6
Shields        | 4 11 14 15 24 26 | 26.2

Action                   |  1- 3 |  4- 6 |  7- 9 | 10-12 | 13-15 | 16-18 | 19-21 || total
-------------------------+-------+-------+-------+-------+-------+-------+-------++-------
Melee: Broad axe         |     3 |     2 |    19 |    96 |   154 |   286 |    20 ||   580
 Abil: Stop Flying       |       |       |       |       |       |     2 |       ||     2
       Fly               |       |       |       |       |       |     1 |       ||     1
Evoke: Phantom mirror    |       |       |       |     5 |       |       |       ||     5
  Use: Potion            |     4 |       |     1 |    17 |     9 |     6 |       ||    37
       Scroll            |       |       |       |     2 |     2 |     1 |       ||     5
 Stab: Distracted        |       |       |       |     2 |     6 |     8 |       ||    16
  Eat: Bread ration      |       |       |       |       |       |     1 |       ||     1
Armor: Plate armour      |       |       |       |    35 |    81 |   100 |       ||   216
       Gold dragon scale |       |       |       |       |       |   111 |    69 ||   180
Dodge: Dodged            |     1 |       |     1 |    14 |    50 |   196 |    12 ||   274
Block: Shield            |     6 |     1 |     9 |   102 |   203 |   624 |    31 ||   976

Inventory:

Hand Weapons
 H - the +1 battleaxe "Keyp" {holy, rPois rF+ Str+2}
   (You found it in the Dungeon)

   It has been blessed by the Shining One to cause great damage to the undead
   and demons.
   It affects your strength (+2).
   It protects you from fire.
   It protects you from poison.
 J - the +8 Wrath of Trog {antimagic, *Rage, MP-66%}
   (You took it off Blork the orc in the Dungeon)

   It reduces the magical energy of the wielder, and disrupts the spells and
   magical abilities of those hit.
   Natural abilities and divine invocations are not affected.
   It may make you go berserk in combat.
 P - the +9 heavy crossbow "Sniper" {velocity, Acc+∞ SInv}
   (You found it in the Dungeon)

   Any bolt fired from it inflicts extra damage.
   It lets you see invisible.
 Q - the +14 obsidian axe (weapon) {chop, +Fly SInv *Curse}
   (You found it in the Dungeon)

   It inflicts extra damage upon your enemies.
   It lets you see invisible.
   It lets you fly.
   It curses itself when equipped.
Missiles
 R - 1000 bolts
Armour
 a - a +0 cloak of magic resistance
   (You found it in the Dungeon)
 c - a +2 helmet of intelligence (worn)
   (You found it in the Dungeon)
 d - a +2 cloak of magic resistance (worn)
   (You found it in the Dungeon)
 h - +5 gold dragon scales (worn)
   (You found it in the Dungeon)
 G - a +0 pair of gloves of dexterity (worn)
   (You found it in the Dungeon)
 N - the +15 Maxwell's patent armour {-Cast -Tele rElec MR+ rCorr}
   (You found it in the Dungeon)

   It insulates you from electricity.
   It affects your resistance to hostile enchantments.
   It prevents spellcasting.
   It prevents most forms of teleportation.
   It protects you from acid and corrosion.
 O - the +18 shield of the Gong (worn) {rElec rN+ MR+ EV-5}
   (You found it in the Dungeon)

   It affects your evasion (-5).
   It insulates you from electricity.
   It protects you from negative energy.
   It affects your resistance to hostile enchantments.
Jewellery
 g - a ring of the Octopus King (left hand) {rF+ AC+1 EV+1 Str+1 Int+1 Dex+1}
   (You found it in the Dungeon)

   [ring of protection from fire]

   It affects your AC (+1).
   It affects your evasion (+1).
   It affects your strength (+1).
   It affects your intelligence (+1).
   It affects your dexterity (+1).
   It protects you from fire.
 k - the ring "Icyedao" {rF+ Str+4}
   (You found it in the Dungeon)

   [ring of protection from fire]

   It affects your strength (+4).
   It protects you from fire.
 v - the ring of Diat (on amulet) {rPois rC+ EV+4}
   (You found it in the Dungeon)

   [ring of evasion]

   It affects your evasion (+4).
   It protects you from cold.
   It protects you from poison.
 S - the ring "Xypruipi" {+Fly rC+ Str+3 SInv}
   (You found it in the Dungeon)

   [ring of flight]

   It affects your strength (+3).
   It protects you from cold.
   It lets you see invisible.
   It lets you fly.
 V - the macabre finger necklace (around neck) {rN+}
   (You found it in the Dungeon)

   [amulet of nothing]

   It protects you from negative energy.
 W - an uncursed amulet of regeneration {+regen}
   (You found it in the Dungeon)
 X - a ring of resist corrosion (right hand)
   (You found it in the Dungeon)
Wands
 y - a wand of disintegration (7/24)
   (You found it in the Dungeon)
 B - a wand of iceblast (5/15)
   (You found it in the Dungeon)
 C - a wand of lightning (5/15)
   (You found it in the Dungeon)
 D - a wand of acid (5/15)
   (You found it in the Dungeon)
Scrolls
 b - 4 scrolls of blinking
 f - 4 scrolls of fog {!r}
 r - 5 scrolls of identify
 s - 3 scrolls of recharging
 u - a scroll of holy word
 w - 4 scrolls of remove curse
 x - 2 scrolls of fear {!r}
Potions
 e - 8 potions of curing
 i - 7 potions of magic
 j - 2 potions of berserk rage
 l - 2 potions of brilliance
 m - 2 potions of invisibility
 n - 2 potions of haste
 p - 3 potions of agility
 q - 2 potions of heal wounds
Miscellaneous
 o - 13 phantom mirrors
Comestibles
 t - 4 bread rations
 z - 42 fruits
 A - 4 meat rations

Dungeon Overview and Level Annotations

Branches:
Dungeon (1/1)

Altars:
Ashenzari
Cheibriados
Dithmenos
Elyvilon
Fedhas
Gozag
Hepliaklqana
Kikubaaqudgha
Makhleb
Nemelex Xobeh
Okawaru
Qazlal
Ru
Sif Muna
Trog
Uskayaw
Vehumet
Wu Jian
Xom
Yredelemnul
Zin
The Shining One
Beogh
Jiyva
Lugonu You escaped. You worshipped Makhleb.
Makhleb was exalted by your worship. You were not hungry. You visited 1 branch


Message History

Visions of slaying the golden eye flood into your mind.
You feel a little less mighty now.
Your chaos spawn completely misses the golden eye.
The golden eye blinks at your red devil.
Your red devil appears confused.
You swap places.
The golden eye blinks at your red devil.
Your red devil resists with almost no effort.
Your hellwing swoops through the air toward the golden eye!
Your hellwing completely misses the golden eye.
Your hellwing closely misses the golden eye.
Your crimson imp misses the golden eye.
Your red devil barely misses your hellwing.
Your hellwing misses the golden eye. Your hellwing hits the golden eye.
You are no longer entranced.
The golden eye dies!
Makhleb accepts your kill.
Found a +1 shortbow of freezing and a Fen Folio.
No target in view!
No target in view!
No target in view!
No target in view!
Found fourteen items.
Found a transporter.
Your red devil seems less confused.
Found three items.
Found a Grand Grimoire, an uncursed staff of summoning and a fan of gales.
You see here a phantom mirror.
o - 12 phantom mirrors (gained 1)
You swap places.
You see here a +2 cloak of magic resistance.
Wear which item? (? for menu, Esc to quit)
Okay, then.
d - a +2 cloak of magic resistance Wear which item? (? for menu, Esc to quit)
You start removing your armour.
You continue taking off your +0 cloak of magic resistance. x4
You finish taking off your +0 cloak of magic resistance.
You feel less resistant to hostile enchantments.
You start putting on your armour.
You continue putting on your +2 cloak of magic resistance. x3
You are no longer corroded.
You continue putting on your +2 cloak of magic resistance.
You feel a little less agile now.
You continue putting on your +2 cloak of magic resistance.
You finish putting on your +2 cloak of magic resistance.
You feel resistant to hostile enchantments.
You regained 2 mp, and now have 5/19 mp.
The floor.
You see here the ring of Leiputua {MP+9 Str+3 Int-2 Dex+5}.
You see here a +5 flail of draining.
Found the ring of Kymoam {+Fly rF+ MR+ Stlth+}.
You see here an uncursed ring of protection from magic {MR+}.
You see here the ring of Suspicion {rPois rN+ Str+3 Int+5}.
You see here a +1 rapier of venom.
Your crimson imp blinks!
You see here a box of beasts.
You see here 2 potions of agility.
p - 3 potions of agility (gained 2)
You feel yourself speed up.
A +2 flail of holy wrath.
The floor.
You swap places.
You see here a cursed -4 ring of strength.
You see here a cursed staff of fire {rF+}.
You see here a +1 leather armour of magic resistance.
You see here +0 fire dragon scales.
You see here a +2 leather armour of poison resistance.
You see here the +6 lajatang "Fasyocug" {elec, rElec}.
The ring of Leiputua {MP+9 Str+3 Int-2 Dex+5}.
The floor.
You see here a lamp of fire.
You see here a +1 leather armour of cold resistance.
You see here a crystal ball of energy.
You see here the +8 frozen axe "Frostbite" {freezing cloud, *Noise +Fly rC+}.
You see here a cursed amulet of inaccuracy.
You see here a phantom mirror.
o - 13 phantom mirrors (gained 1)
The ring of Cyblij {rElec Stlth-}.
The floor.
You swap places.
You see here a cursed amulet of inaccuracy.
You swap places.
Your crimson imp disappears in a puff of smoke!
You see here the +8 frozen axe "Frostbite" {freezing cloud, *Noise +Fly rC+}.
You see here a crystal ball of energy.
You recover from your berserk rage.
You see here a +1 leather armour of cold resistance.
There is a transporter here.
An exit appears before you!
You enter the transporter and appear at another place.
Found the Orb of Zot.
Found a staircase leading out of the dungeon.
Unknown command.
You see here the Orb of Zot.
You pick up the Orb of Zot!
The Orb lets out a hideous shriek!
The lords of Pandemonium are not amused.
Beware!
Now all you have to do is get back out of the dungeon!
There is a staircase leading out of the dungeon here.
You have escaped!

............▓..▓.......▓..▓...8©8
....†.......▓.▓.▓.....▓.▓.▓..}=..
.[.[........▓..▓.......▓..▓..)[).
..[.††......▓.............▓......
..†.[.......▓......©......▓......
............▓▓▓▓▓▓▓▓▓▓▓▓▓▓▓....†)
............▓8888888888888▓......
▓.......▓...▓8...4.......8▓..▓...
............▓8..@4....©..8▓.▓....
............▓8...4.......8▓....©.
....©.......▓8888888888888▓▓▓▓▓▓▓
▓▓▓▓▓▓▓▓▓▓▓▓▓▓▓▓▓▓▓▓▓▓▓▓▓▓▓▓▓▓▓▓▓
.....8©8........▓.≈≈§≈≈≈≈8©8.≈..≈
[?||=||..:..:)[.▓.§§§:≈≈≈}:[:=)≈≈
)[.):}.|)|):=}:.▓≈|[§})≈[)[:≈:=[=
)))||)[|:||}::".▓≈|}[[[|≈[≈=≈|)=:
................▓..≈..≈≈=|:[|≈≈.≈


You could see a friendly hellwing, a friendly chaos spawn and a friendly red
devil.

Notes
Turn   | Place    | Note
-------+----------+-------------------------------------------
     0 | D        | Found the +6 Majin-Bo {vamp, Archmagi MP+6 Int+6}
     0 | D        | Found the +7 great mace "Firestarter" {inner flame, rF++}
     0 | D        | theanonym the Gargoyle Fighter began the quest for the Orb.
     0 | D        | Reached XP level 1. HP: 14/14 MP: 1/1
     5 | D        | Found a deep blue altar of Sif Muna.
     5 | D        | Found a bloodstained altar of Trog.
     5 | D        | Found a sacrificial altar of Ru.
     5 | D        | Found a stormy altar of Qazlal.
     5 | D        | Found an iron altar of Okawaru.
     6 | D        | Found a sparkling altar of Nemelex Xobeh.
     6 | D        | Found a blossoming altar of Fedhas.
     8 | D        | Found a transporter.
     8 | D        | Found an ancient bone altar of Kikubaaqudgha.
     8 | D        | Found a viscous altar of Jiyva.
     8 | D        | Found a corrupted altar of Lugonu.
     8 | D        | Found a hazy altar of Hepliaklqana.
     8 | D        | Found a burning altar of Makhleb.
     8 | D        | Found an opulent altar of Gozag.
    25 | D        | Found the +9 heavy crossbow "Sniper" {velocity, Acc+∞ SInv}
    25 | D        | Found the +10 dark maul {crush}
    25 | D        | Found the +15 Maxwell's patent armour {-Cast -Tele rElec MR+ rCorr}
    25 | D        | Found the +18 shield of the Gong {rElec rN+ MR+ EV-5}
    25 | D        | Found the cursed +14 obsidian axe {chop, +Fly SInv *Curse}
    31 | D        | Became a worshipper of Makhleb the Destroyer
    48 | D        | Reached skill level 7 in Axes
    48 | D        | Reached XP level 2. HP: 19/19 MP: 2/2
    74 | D        | Entered arena 2.
    74 | D        | Noticed a mace of venom
    74 | D        | Noticed a deep elf mage
    74 | D        | Found a transporter.
    75 | D        | Noticed an ice devil
    78 | D        | Killed a deep elf mage
    78 | D        | Reached skill level 8 in Fighting
    78 | D        | Reached skill level 11 in Axes
    78 | D        | Reached XP level 3. HP: 23/30 MP: 3/3
    78 | D        | Reached XP level 4. HP: 28/36 MP: 4/4
    78 | D        | Reached XP level 5. HP: 31/40 MP: 5/5
    78 | D        | Reached XP level 6. HP: 35/45 MP: 6/6
    80 | D        | Killed a mace of venom
    80 | D        | Reached skill level 10 in Fighting
    80 | D        | Reached skill level 13 in Axes
    80 | D        | Reached XP level 7. HP: 41/53 MP: 7/7
    80 | D        | Reached XP level 8. HP: 46/59 MP: 8/8
    86 | D        | Entered arena 3.
    86 | D        | Found a transporter.
    90 | D        | Reached * piety under Makhleb
    91 | D        | Reached skill level 11 in Fighting
    92 | D        | Reached skill level 14 in Axes
    99 | D        | Entered arena 4.
    99 | D        | Found a transporter.
   102 | D        | Reached ** piety under Makhleb
   108 | D        | Got the ring "Xypruipi" {+Fly rC+ Str+3 SInv}
   112 | D        | Entered arena 5.
   112 | D        | Noticed a white draconian
   112 | D        | Noticed a draconian
   112 | D        | Noticed a draconian
   112 | D        | Noticed a draconian
   112 | D        | Found a transporter.
   118 | D        | Killed a draconian
   118 | D        | Reached *** piety under Makhleb
   118 | D        | Reached skill level 12 in Fighting
   118 | D        | Reached XP level 9. HP: 65/65 MP: 9/9
   121 | D        | Killed a white draconian
   121 | D        | Reached skill level 13 in Fighting
   121 | D        | Reached skill level 15 in Axes
   122 | D        | Killed a draconian
   122 | D        | Reached skill level 16 in Axes
   123 | D        | Killed a draconian
   129 | D        | Entered arena 6.
   129 | D        | Found a transporter.
   131 | D        | Reached **** piety under Makhleb
   131 | D        | Reached XP level 10. HP: 62/73 MP: 10/10
   143 | D        | Entered arena 7.
   143 | D        | Noticed a hell hog
   150 | D        | Killed a hell hog
   150 | D        | Reached ***** piety under Makhleb
   150 | D        | Reached skill level 14 in Fighting
   150 | D        | Reached skill level 17 in Axes
   152 | D        | Found a transporter.
   168 | D        | Got the amulet of Naegh {Spirit rN+ Stlth+}
   171 | D        | Entered arena 8.
   171 | D        | Noticed a naga mage
   171 | D        | Noticed a black mamba
   172 | D        | Found a transporter.
   176 | D        | Killed a black mamba
   183 | D        | Killed a naga mage
   183 | D        | Reached skill level 15 in Fighting
   183 | D        | Reached skill level 18 in Axes
   183 | D        | Reached ****** piety under Makhleb
   192 | D        | Entered arena 9.
   193 | D        | Found a transporter.
   196 | D        | Reached skill level 1 in Dodging
   198 | D        | Reached skill level 4 in Armour
   198 | D        | Reached skill level 4 in Shields
   210 | D        | Entered arena 10.
   210 | D        | Noticed a naga mage
   210 | D        | Noticed a black mamba
   210 | D        | Noticed a black mamba
   210 | D        | Noticed a black mamba
   211 | D        | Found a transporter.
   213 | D        | Reached skill level 2 in Dodging
   214 | D        | Killed a black mamba
   214 | D        | Reached XP level 11. HP: 82/82 MP: 3/11
   214 | D        | Reached skill level 5 in Armour
   214 | D        | Reached skill level 3 in Dodging
   214 | D        | Reached skill level 5 in Shields
   215 | D        | Reached skill level 6 in Shields
   218 | D        | Reached skill level 4 in Dodging
   228 | D        | Entered arena 11.
   229 | D        | Found a transporter.
   230 | D        | Reached skill level 16 in Fighting
   233 | D        | Reached skill level 7 in Shields
   239 | D        | Reached skill level 5 in Dodging
   253 | D        | Entered arena 12.
   253 | D        | Noticed a thrashing horror
   254 | D        | Noticed a tentacled starspawn
   260 | D        | Killed a thrashing horror
   260 | D        | Reached skill level 8 in Shields
   262 | D        | Found a transporter.
   265 | D        | Killed a tentacled starspawn
   265 | D        | Reached skill level 17 in Fighting
   265 | D        | Reached skill level 6 in Dodging
   265 | D        | Reached skill level 9 in Shields
   270 | D        | Got the cursed +1 robe of Niwusuhi {Regen+}
   277 | D        | Entered arena 13.
   277 | D        | Noticed an iron dragon
   277 | D        | Noticed an iron dragon
   278 | D        | Noticed a crystal guardian
   278 | D        | Noticed an iron dragon
   280 | D        | Noticed an iron dragon
   281 | D        | Found a transporter.
   281 | D        | Noticed an iron golem
   283 | D        | HP: 38/85 [iron dragon/spray of metal splinters (20)]
   286 | D        | Reached skill level 7 in Dodging
   288 | D        | Killed an iron dragon
   288 | D        | Reached skill level 10 in Shields
   293 | D        | Killed an iron dragon
   293 | D        | Reached skill level 8 in Dodging
   293 | D        | Reached skill level 11 in Shields
   293 | D        | Reached XP level 12. HP: 92/92 MP: 5/12
   295 | D        | HP: 41/92 [crystal guardian/crystal bolt (42)]
   299 | D        | Killed an iron dragon
   299 | D        | Killed a crystal guardian
   299 | D        | Reached skill level 18 in Fighting
   301 | D        | Killed an iron dragon
   301 | D        | Reached skill level 9 in Dodging
   301 | D        | Reached skill level 12 in Shields
   306 | D        | Killed an iron golem
   328 | D        | Got the amulet "Ampuzxal" {+Rage rPois rN+++ Dex-2 SInv}
   334 | D        | Got the ring of Litink {MP+9 Int+4}
   339 | D        | Entered arena 14.
   340 | D        | Noticed a thrashing horror
   343 | D        | Found the +8 demon blade "Bloodbane" {slice, *Rage +Rage Stlth-}
   343 | D        | Noticed a vampire mage
   344 | D        | Killed a thrashing horror
   345 | D        | Wingboner: На спринты пробило?
   347 | D        | Found a transporter.
   350 | D        | Killed a vampire mage
   354 | D        | Reached skill level 13 in Shields
   362 | D        | Entered arena 15.
   363 | D        | Noticed Azrael
   363 | D        | Noticed Maurice
   363 | D        | Noticed Josephine
   363 | D        | Noticed Frances
   363 | D        | Noticed Eustachio
   363 | D        | Noticed Rupert
   365 | D        | Noticed Dowan
   366 | D        | Wingboner: !lm theanonym x=place
   367 | D        | beem: 2359. [2017-11-09 04:43:50] [place=Spider:4] theanonym the Devastator (L19 OpFE of Vehumet) found a gossamer rune of Zot on turn 58993. (Spider:4)
   367 | D        | Wingboner: !lm theanonym x=place sprint
   367 | D        | beem: 208. [2017-11-09 05:16:52] [place=D] theanonym the Severer (L10 GrFi of Makhleb) became the Champion of Makhleb on turn 183. (D)
   369 | D        | Noticed Grinder
   372 | D        | Noticed Harold
   374 | D        | Killed Azrael
   374 | D        | Reached skill level 10 in Dodging
   375 | D        | Killed Josephine
   376 | D        | Wingboner: Хм, не помню, как там посмотреть, какой это конкретно спринт.
   378 | D        | Killed Rupert
   378 | D        | Reached skill level 19 in Fighting
   379 | D        | Found a transporter.
   380 | D        | Killed Dowan
   380 | D        | Killed Maurice
   380 | D        | Reached skill level 14 in Shields
   387 | D        | Killed Frances
   387 | D        | Reached skill level 11 in Dodging
   387 | D        | Reached XP level 13. HP: 78/100 MP: 13/13
   389 | D        | Killed Grinder
   393 | D        | Killed Harold
   396 | D        | Killed Eustachio
   408 | D        | theanonym: Зиггурат
   412 | D        | Entered arena 16.
   415 | D        | Found the +6 lightning scales {run, rElec}
   416 | D        | Found a transporter.
   445 | D        | Got the +1 battleaxe "Keyp" {holy, rPois rF+ Str+2}
   449 | D        | Entered arena 17.
   449 | D        | Noticed Duvessa
   451 | D        | Killed Duvessa
   453 | D        | Noticed Crazy Yiuf
   453 | D        | Noticed Joseph
   454 | D        | Noticed Pikel
   454 | D        | Noticed Agnes
   454 | D        | Noticed Psyche
   454 | D        | Noticed Sigmund
   454 | D        | Noticed Blork the orc
   454 | D        | Noticed Snorg
   454 | D        | Noticed Polyphemus
   454 | D        | Noticed Erica
   455 | D        | Noticed Roxanne
   457 | D        | Killed Agnes
   457 | D        | Reached skill level 20 in Fighting
   457 | D        | Reached skill level 15 in Shields
   457 | D        | Killed Crazy Yiuf
   458 | D        | Found a transporter.
   460 | D        | Killed Pikel
   460 | D        | Reached skill level 12 in Dodging
   461 | D        | Killed Blork the orc
   463 | D        | Killed Joseph
   463 | D        | Killed Psyche
   465 | D        | Killed Snorg
   469 | D        | Killed Polyphemus
   471 | D        | Killed Sigmund
   471 | D        | Killed Erica
   483 | D        | Killed Roxanne
   483 | D        | Reached skill level 21 in Fighting
   483 | D        | Reached skill level 13 in Dodging
   502 | D        | Entered arena 18.
   505 | D        | Noticed an ice dragon
   505 | D        | Noticed a fire dragon
   505 | D        | Noticed a fire dragon
   505 | D        | Noticed a fire dragon
   506 | D        | Noticed a fire dragon
   507 | D        | Noticed a fire dragon
   508 | D        | Found the macabre finger necklace {rN+}
   508 | D        | Found a transporter.
   513 | D        | Killed a fire dragon
   514 | D        | Killed a fire dragon
   516 | D        | Killed a fire dragon
   517 | D        | Killed a fire dragon
   517 | D        | Reached skill level 14 in Dodging
   521 | D        | Killed a fire dragon
   521 | D        | Reached skill level 22 in Fighting
   522 | D        | Gained mutation: Your large and strong wings let you fly indefinitely. [Gargoyle growth]
   522 | D        | Reached XP level 14. HP: 112/112 MP: 14/14
   543 | D        | Got the +3 troll leather armour of the Voivode {Regen+ Str+4, Regen+}
   555 | D        | Entered arena 19.
   558 | D        | Noticed a ghoul
   559 | D        | Found the +5 robe of Night {Dark MR+ SInv}
   560 | D        | Found a transporter.
   569 | D        | Reached skill level 15 in Dodging
   570 | D        | Killed a ghoul
   574 | D        | Reached skill level 23 in Fighting
   597 | D        | Entered arena 20.
   602 | D        | Noticed an iron dragon
   602 | D        | Noticed a quicksilver dragon
   603 | D        | Noticed a quicksilver dragon
   606 | D        | Noticed a stone giant
   610 | D        | Found a transporter.
   614 | D        | Killed a quicksilver dragon
   614 | D        | Reached skill level 16 in Dodging
   615 | D        | Killed a quicksilver dragon
   621 | D        | Reached skill level 24 in Fighting
   629 | D        | Reached skill level 17 in Dodging
   630 | D        | Killed an iron dragon
   630 | D        | Killed a stone giant
   650 | D        | Entered arena 21.
   654 | D        | Noticed a stone giant
   654 | D        | Noticed a stone giant
   655 | D        | Noticed a stone giant
   655 | D        | Noticed an orc warlord
   655 | D        | Noticed an orc warlord
   656 | D        | Noticed a stone giant
   658 | D        | Found a transporter.
   661 | D        | Killed a stone giant
   661 | D        | Reached skill level 25 in Fighting
   663 | D        | Killed a stone giant
   667 | D        | Reached XP level 15. HP: 124/124 MP: 15/15
   671 | D        | Reached skill level 18 in Dodging
   673 | D        | Killed an orc warlord
   684 | D        | Killed an orc warlord
   684 | D        | Reached skill level 26 in Fighting
   693 | D        | Entered arena 22.
   697 | D        | Noticed a shadow dragon
   697 | D        | Noticed a golden dragon
   697 | D        | Noticed a quicksilver dragon
   698 | D        | Noticed a quicksilver dragon
   698 | D        | Noticed a golden dragon
   698 | D        | Noticed a golden dragon
   699 | D        | Noticed a golden dragon
   699 | D        | Noticed a shadow dragon
   699 | D        | Noticed an iron dragon
   700 | D        | Found the +7 lajatang of Order {silver, rMut}
   700 | D        | Noticed a shadow dragon
   701 | D        | Found a transporter.
   701 | D        | Noticed a shadow dragon
   705 | D        | Killed a quicksilver dragon
   706 | D        | Killed a golden dragon
   706 | D        | Reached skill level 19 in Dodging
   707 | D        | Killed a quicksilver dragon
   711 | D        | Killed an iron dragon
   711 | D        | Reached skill level 27 in Fighting
   712 | D        | Killed a golden dragon
   712 | D        | Reached skill level 20 in Dodging
   712 | D        | Killed a golden dragon
   717 | D        | Killed a golden dragon
   717 | D        | Reached skill level 21 in Dodging
   719 | D        | Killed a shadow dragon
   723 | D        | Killed a shadow dragon
   723 | D        | Reached skill level 22 in Dodging
   723 | D        | Killed a shadow dragon
   723 | D        | Reached XP level 16. HP: 133/133 MP: 16/16
   732 | D        | Killed a shadow dragon
   746 | D        | Entered arena 23.
   752 | D        | Noticed a kraken
   753 | D        | Noticed a kraken
   754 | D        | Found the +3 Elemental Staff {rElec rF++ rC++ MR++ AC+5}
   759 | D        | Reached skill level 23 in Dodging
   786 | D        | Reached skill level 24 in Dodging
   809 | D        | Killed a kraken
   817 | D        | Reached skill level 25 in Dodging
   823 | D        | Found a transporter.
   849 | D        | Killed a kraken
   868 | D        | Entered arena 24.
   874 | D        | Noticed a titan
   874 | D        | Noticed a titan
   874 | D        | Noticed a titan
   874 | D        | Noticed a titan
   874 | D        | Noticed a titan
   874 | D        | Noticed a titan
   875 | D        | Noticed a titan
   875 | D        | Noticed a titan
   875 | D        | Noticed a titan
   875 | D        | Noticed a titan
   875 | D        | Noticed a titan
   875 | D        | Noticed a titan
   876 | D        | Found the +8 demon blade "Leech" {vamp, rN+ AC-3 EV-3}
   877 | D        | Found the +7 captain's cutlass {speed, disarm}
   877 | D        | HP: 46/133 [titan/the air (22)]
   880 | D        | Killed a titan
   882 | D        | HP: 46/133 [titan (14)]
   883 | D        | Killed a titan
   885 | D        | Killed a titan
   887 | D        | Killed a titan
   887 | D        | Reached skill level 19 in Axes
   888 | D        | HP: 62/133 [titan (12)]
   889 | D        | Killed a titan
   891 | D        | Killed a titan
   891 | D        | Reached skill level 26 in Dodging
   892 | D        | Killed a titan
   892 | D        | Killed a titan
   892 | D        | Reached skill level 20 in Axes
   892 | D        | Reached XP level 17. HP: 139/139 MP: 17/17
   895 | D        | Killed a titan
   900 | D        | Reached skill level 21 in Axes
   900 | D        | Killed a titan
   900 | D        | Reached skill level 27 in Dodging
   901 | D        | Killed a titan
   901 | D        | Reached skill level 22 in Axes
   905 | D        | Killed a titan
   909 | D        | Reached skill level 23 in Axes
   912 | D        | Reached skill level 24 in Axes
   914 | D        | Found a transporter.
   957 | D        | Entered arena 25.
   981 | D        | Reached skill level 25 in Axes
   991 | D        | Reached skill level 26 in Axes
  1001 | D        | Found a transporter.
  1055 | D        | Entered arena 26.
  1064 | D        | Noticed an Ice Fiend
  1066 | D        | Noticed an Ice Fiend
  1066 | D        | Noticed an Ice Fiend
  1067 | D        | Found the ring of the Octopus King {rF+ AC+1 EV+1 Str+1 Int+1 Dex+1}
  1073 | D        | Found a transporter.
  1078 | D        | Reached skill level 27 in Axes
  1079 | D        | Killed an Ice Fiend
  1079 | D        | Reached skill level 7 in Armour
  1079 | D        | Reached XP level 18. HP: 145/145 MP: 12/18
  1080 | D        | Reached skill level 8 in Armour
  1080 | D        | Reached skill level 16 in Shields
  1082 | D        | Reached skill level 9 in Armour
  1089 | D        | Killed an Ice Fiend
  1089 | D        | Reached skill level 10 in Armour
  1089 | D        | Reached skill level 17 in Shields
  1091 | D        | Killed an Ice Fiend
  1091 | D        | Reached skill level 11 in Armour
  1100 | D        | Reached skill level 12 in Armour
  1133 | D        | Got a ring of the Octopus King {rF+ AC+1 EV+1 Str+1 Int+1 Dex+1}
  1172 | D        | Entered arena 27.
  1184 | D        | Reached skill level 18 in Shields
  1193 | D        | Reached skill level 13 in Armour
  1202 | D        | Reached skill level 19 in Shields
  1205 | D        | Reached skill level 14 in Armour
  1217 | D        | Reached skill level 15 in Armour
  1225 | D        | Reached skill level 20 in Shields
  1228 | D        | Reached skill level 16 in Armour
  1237 | D        | Reached skill level 21 in Shields
  1238 | D        | Reached skill level 17 in Armour
  1262 | D        | Found a transporter.
  1265 | D        | Reached skill level 18 in Armour
  1276 | D        | Got the ring "Icyedao" {rF+ Str+4}
  1287 | D        | Got the ring of Diat {rPois rC+ EV+4}
  1301 | D        | Reached skill level 22 in Shields
  1311 | D        | Entered arena 28.
  1326 | D        | Gained mutation: Armour fits poorly on your strangely shaped body. [a shining eye]
  1328 | D        | Found the +8 frozen axe "Frostbite" {freezing cloud, *Noise +Fly rC+}
  1336 | D        | Reached skill level 19 in Armour
  1341 | D        | Reached skill level 23 in Shields
  1342 | D        | Paralysed by a floating eye for 4 turns
  1347 | D        | Reached skill level 20 in Armour
  1349 | D        | HP: 107/217 [acid (9)]
  1354 | D        | Reached skill level 21 in Armour
  1354 | D        | Reached skill level 24 in Shields
  1354 | D        | Reached XP level 19. HP: 151/151 MP: 0/19
  1358 | D        | Paralysed by a floating eye for 3 turns
  1358 | D        | Gained mutation: You are dopey. (Int -2) [a shining eye]
  1363 | D        | Reached skill level 22 in Armour
  1364 | D        | Reached skill level 25 in Shields
  1368 | D        | Reached skill level 23 in Armour
  1369 | D        | Gained mutation: Your spells are a little easier to cast, but a little less powerful. [a shining eye]
  1372 | D        | Paralysed by a floating eye for 2 turns
  1374 | D        | Gained mutation: You are frail. (-10% HP) [a shining eye]
  1375 | D        | Reached skill level 26 in Shields
  1382 | D        | Found a transporter.
  1433 | D        | Got the Orb of Zot
  1438 | D        | Escaped with the Orb!

Vanquished Creatures
  4 golden dragons (D)
  3 Ice Fiends (D)
  Rupert (D)
  6 acid blobs (D)
  12 titans (D)
  4 krakens (D)
  3 quicksilver dragons (D)
  A tentacled starspawn (D)
  Polyphemus (D)
  3 shadow dragons (D)
  Roxanne (D)
  7 fire giants (D)
  8 azure jellies (D)
  10 frost giants (D)
  2 orc warlords (D)
  6 iron dragons (D)
  2 ghost moths (D)
  A ghoul (D)
  An entropy weaver (D)
  7 stone giants (D)
  Azrael (D)
  3 spark wasps (D)
  A white draconian (D)
  A blizzard demon (D)
  5 ettins (D)
  4 crystal guardians (D)
  11 merfolk javelineers (D)
  7 merfolk impalers (D)
  3 great orbs of eyes (D)
  10 fire dragons (D)
  5 death oozes (D)
  7 ice dragons (D)
  3 hydras (D)
  11 merfolk aquamancers (D)
  A merfolk avatar (D)
  A dancing weapon (D)
  2 satyrs (D)
  A hell hog (D)
  A thrashing horror (D)
  2 orc high priests (D)
  6 iron golems (D)
  2 skeletal warriors (D)
  A glowing orange brain (D)
  3 sea snakes (D)
  A death drake (D)
  Pikel (D)
  5 swamp dragons (D)
  4 necromancers (D)
  An orb spider (D)
  An orc knight (D)
  2 harpies (D)
  3 shining eyes (D)
  7 wolf spiders (D)
  3 orc sorcerers (D)
  6 cyclopes (D)
  3 draconians (D)
  2 moths of wrath (D)
  Joseph (D)
  7 manticores (D)
  4 merfolk sirens (D)
  A smoke demon (D)
  4 water nymphs (D)
  6 eyes of devastation (D)
  2 naga magi (D)
  4 black mambas (D)
  A spiny frog (D)
  Psyche (D)
  2 gargoyles (D)
  3 efreet (D)
  5 rime drakes (D)
  2 demonic crawlers (D)
  7 freezing wraiths (D)
  3 ice devils (D)
  A troll (D)
  6 jumping spiders (D)
  Grinder (D)
  4 merfolk (D)
  6 polar bears (D)
  5 hornets (D)
  A hippogriff (D)
  5 snapping turtles (D)
  A raiju (D)
  8 slime creatures (D)
  5 wind drakes (D)
  Sigmund (D)
  6 redbacks (D)
  5 tarantellas (D)
  3 water elementals (D)
  5 shadows (D)
  3 air elementals (D)
  2 spriggans (D)
  A vampire (D)
  3 wyverns (D)
  A yak (D)
  A large abomination (D)
  A golden eye (D)
  4 steam dragons (D)
  2 insubstantial wisps (D)
  A warg (D)
  4 nagas (D)
  6 water moccasins (D)
  An acid dragon (D)
  Duvessa (D)
  3 floating eyes (D)
  A hell hound (D)
  2 porcupines (D)
  A swamp drake (D)
  7 orc warriors (D)
  3 ice beasts (D)
  3 black bears (D)
  An eye of draining (D)
  3 wolves (D)
  3 crocodiles (D)
  A centaur (D)
  Blork the orc (D)
  2 bullfrogs (D)
  6 earth elementals (D)
  2 wights (D)
  2 crimson imps (D)
  A quasit (D)
  4 iron imps (D)
  3 jellies (D)
  An orc priest (D)
  5 orc wizards (D)
  7 white imps (D)
  An adder simulacrum (D)
  4 orcs (D)
  A giant cockroach simulacrum (D)
  A leopard gecko simulacrum (D)
  A quokka simulacrum (D)
  A fire vortex (D)
  11 tentacles (D)
443 creatures vanquished.

Vanquished Creatures (collateral kills)
  A quicksilver dragon (D)
  Frances (D)
  Agnes (D)
  A shadow dragon (D)
  A frost giant (D)
  Snorg (D)
  A spark wasp (D)
  2 merfolk javelineers (D)
  A death ooze (D)
  3 merfolk impalers (D)
  A crystal guardian (D)
  Harold (D)
  Josephine (D)
  A merfolk avatar (D)
  Erica (D)
  A thrashing horror (D)
  A vampire mage (D)
  2 iron golems (D)
  A necromancer (D)
  A wolf spider (D)
  2 cyclopes (D)
  A deep elf mage (D)
  An orb spider (D)
  3 manticores (D)
  2 slime creatures (D)
  A moth of wrath (D)
  Maurice (D)
  A smoke demon (D)
  2 gargoyles (D)
  A rime drake (D)
  2 ice devils (D)
  2 jumping spiders (D)
  A hornet (D)
  3 merfolk (D)
  A spriggan (D)
  Eustachio (D)
  2 golden eyes (D)
  An insubstantial wisp (D)
  An acid dragon (D)
  An orc warrior (D)
  A swamp drake (D)
  An ice beast (D)
  A necrophage (D)
  A wolf (D)
  2 earth elementals (D)
  A bullfrog (D)
  Dowan (D)
  2 small abominations (D)
  A jelly (D)
  Crazy Yiuf (D)
  2 iron imps (D)
  3 shadow imps (D)
  A bat skeleton (D)
  A quokka skeleton (D)
  4 tentacles (D)
77 creatures vanquished.

Vanquished Creatures (others)
  A blizzard demon (D)
  A merfolk impaler (D)
  A satyr (D)
  An eye of devastation (D)
  A rime drake (D)
  A polar bear (D)
  A slime creature (D)
  3 insubstantial wisps (D)
  A jelly (D)
  An adder skeleton (D)
  4 starspawn tentacles (D)
  25 tentacles (D)
41 creatures vanquished.

Grand Total: 561 creatures vanquished
